NWL (28 & UNDER)
SAN DIEGO SMASHERS @ BISMARK BORDER GUARDS
07/22/2025
 
TOP OF THE 1ST
San Diego Smashers batting - Pitching for Bismark Border Guards : RHP Júlio Quintana
Pitching: RHP Júlio Quintana
Batting: RHB Francisco Castillo 0-0: Ball
1-0: Called Strike
1-1: SINGLE (Line Drive, 9LS)
Batting: RHB John Nelson 0-0: Called Strike
0-1: Foul Ball, location: 2F
0-2: Ball
1-2: Ball
2-2: Grounds into double play, 6-4-3 (Groundball, 6)
Batting: RHB Marty Hendrickson 0-0: Ball
1-0: Ball
2-0: Foul Ball, location: 2F
2-1: SINGLE (Line Drive, 4M)
Pitching: LHP Nelson Béltre
Batting: LHB Ray Bryant 0-0: Ball
1-0: Called Strike
1-1: Called Strike
Marty Hendrickson is caught stealing 2nd base
Top of the 1st over - 0 run(s), 2 hit(s), 0 error(s), 0 left on base; San Diego 0 - Bismark 0
BOTTOM OF THE 1ST
Bismark Border Guards batting - Pitching for San Diego Smashers : LHP Andrew Caine
Pitching: LHP Andrew Caine
Batting: RHB Tomás Carranza 0-0: Ground out 5-3 (Groundball, 5)
Batting: LHB Rusty Herbert 0-0: Called Strike
0-1: Foul Ball, location: 2F
0-2: Strikes out looking
Batting: RHB José Gómez 0-0: Ball
1-0: Ground out 5-3 (Groundball, 5L)
Bottom of the 1st over - 0 run(s), 0 hit(s), 0 error(s), 0 left on base; San Diego 0 - Bismark 0
TOP OF THE 2ND
San Diego Smashers batting - Pitching for Bismark Border Guards : LHP Nelson Béltre
Batting: LHB Ray Bryant 0-0: Called Strike
0-1: SINGLE (Groundball, 5D)
Batting: RHB Luis Martínez 0-0: Foul Ball, location: 2F
0-1: Ball
1-1: 2-RUN HOME RUN (Flyball, 78XD), Distance : 421 ft
Batting: SHB Chris Woods 0-0: Ball
1-0: Foul Ball, location: 2F
1-1: Ball
2-1: Swinging Strike
2-2: Strikes out swinging
Batting: RHB Griswold Coleman 0-0: Called Strike
0-1: Ball
1-1: Foul Ball, location: 2F
1-2: Ball
2-2: Foul Ball, location: 2F
2-2: Ball
3-2: Fly out, F8 (Line Drive, 8LM)
Batting: RHB Armando Colón 0-0: Called Strike
0-1: Ball
1-1: Called Strike
1-2: Strikes out looking
Top of the 2nd over - 2 run(s), 2 hit(s), 0 error(s), 0 left on base; San Diego 2 - Bismark 0
BOTTOM OF THE 2ND
Bismark Border Guards batting - Pitching for San Diego Smashers : LHP Andrew Caine
Batting: SHB Glenn Vadnais 0-0: Ground out 6-3 (Groundball, 6M)
Batting: RHB Chris Parker 0-0: Called Strike
0-1: Ball
1-1: Foul Ball, location: 2F
1-2: Ball
2-2: Fly out, F3 (Popup, 23F)
Batting: RHB Mike Wright 0-0: Ball
1-0: Ball
2-0: Foul Ball, location: 2F
2-1: Ball
3-1: SINGLE (Flyball, 89S)
Batting: RHB Alejandro Ramos 0-0: SINGLE (Line Drive, 56)
Mike Wright to second
Batting: LHB Brian Boone 0-0: Called Strike
0-1: Ball
1-1: Ball
2-1: Ball
3-1: Called Strike
3-2: Fly out, F8 (Flyball, 8LM)
Bottom of the 2nd over - 0 run(s), 2 hit(s), 0 error(s), 2 left on base; San Diego 2 - Bismark 0
TOP OF THE 3RD
San Diego Smashers batting - Pitching for Bismark Border Guards : LHP Nelson Béltre
Batting: RHB Jorge Collazo 0-0: Called Strike
0-1: Foul Ball, location: 2F
0-2: Strikes out swinging
Batting: RHB Francisco Castillo 0-0: Ball
1-0: Bunt missed!
1-1: Foul Ball, location: 2F
1-2: Ball
2-2: Ground out 5-3 (Groundball, 56)
Batting: RHB John Nelson 0-0: Called Strike
0-1: Ball
1-1: Swinging Strike
1-2: Strikes out swinging
Top of the 3rd over - 0 run(s), 0 hit(s), 0 error(s), 0 left on base; San Diego 2 - Bismark 0
BOTTOM OF THE 3RD
Bismark Border Guards batting - Pitching for San Diego Smashers : LHP Andrew Caine
Batting: RHB Aaron Holt 0-0: Ball
1-0: Swinging Strike
1-1: Foul Ball, location: 2F
1-2: Strikes out swinging
Batting: RHB Tomás Carranza 0-0: SOLO HOME RUN (Flyball, 78XD), Distance : 392 ft
Batting: LHB Rusty Herbert 0-0: Called Strike
0-1: Ball
1-1: Ground out 4-3 (Groundball, 4)
Batting: RHB José Gómez 0-0: Foul Ball, location: 2F
0-1: Foul Ball, location: 2F
0-2: Ground out U3 (Groundball, 3L)
Bottom of the 3rd over - 1 run(s), 1 hit(s), 0 error(s), 0 left on base; San Diego 2 - Bismark 1
TOP OF THE 4TH
San Diego Smashers batting - Pitching for Bismark Border Guards : LHP Nelson Béltre
Batting: RHB Marty Hendrickson 0-0: Ball
1-0: Called Strike
1-1: Fly out, F8 (Line Drive, 8LM)
Batting: LHB Ray Bryant 0-0: Ball
1-0: Foul Ball, location: 2F
1-1: Foul Ball, location: 2F
1-2: Strikes out swinging
Batting: RHB Luis Martínez 0-0: Called Strike
0-1: Called Strike
0-2: Ball
1-2: Strikes out swinging
Top of the 4th over - 0 run(s), 0 hit(s), 0 error(s), 0 left on base; San Diego 2 - Bismark 1
BOTTOM OF THE 4TH
Bismark Border Guards batting - Pitching for San Diego Smashers : LHP Andrew Caine
Batting: SHB Glenn Vadnais 0-0: Called Strike
0-1: SINGLE (Flyball, 4MD)
Batting: RHB Chris Parker 0-0: Called Strike
0-1: Called Strike
0-2: Fielders Choice at 2nd, 5-4 (Groundball, 56)
Batting: RHB Mike Wright 0-0: Ball
Chris Parker steals 2nd base
1-0: TRIPLE (Groundball, 3L)
Chris Parker scores
Batting: RHB Alejandro Ramos 0-0: Ball
1-0: Foul Ball, location: 2F
1-1: Ball
2-1: Foul Ball, location: 2F
2-2: Strikes out swinging
Batting: LHB Brian Boone 0-0: Ball
1-0: Called Strike
1-1: Ball
2-1: Foul Ball, location: 2F
2-2: Strikes out swinging
Bottom of the 4th over - 1 run(s), 2 hit(s), 0 error(s), 1 left on base; San Diego 2 - Bismark 2
TOP OF THE 5TH
San Diego Smashers batting - Pitching for Bismark Border Guards : LHP Nelson Béltre
Batting: SHB Chris Woods 0-0: Ball
1-0: Ball
2-0: Ball
3-0: Called Strike
3-1: Foul Ball, location: 2F
3-2: Foul Ball, location: 2F
3-2: Base on Balls
Pitching: RHP Steve Benson
Batting: RHB Griswold Coleman 0-0: Swinging Strike
0-1: Ball
1-1: Swinging Strike
1-2: Strikes out swinging
Batting: RHB Armando Colón 0-0: Foul Ball, location: 2F
0-1: Ball
1-1: Swinging Strike
1-2: Ball
2-2: Ball
3-2: Base on Balls
Chris Woods to second
Batting: RHB Jorge Collazo 0-0: SINGLE (Line Drive, 7S)
Chris Woods to third
Armando Colón to second
Runner from 3rd tries for Home, SAFE, throw made home
Armando Colón to third
Jorge Collazo to second
Batting: RHB Francisco Castillo 0-0: Intentional Walk
Batting: RHB John Nelson 0-0: Ball
1-0: Swinging Strike
1-1: Foul Ball, location: 2F
1-2: Strikes out swinging
Pitching: RHP Beau Murphy
Batting: RHB Marty Hendrickson 0-0: Foul Ball, location: 2F
0-1: Ball
1-1: Ball
2-1: DOUBLE (Line Drive, 8RD)
Armando Colón scores
Jorge Collazo scores
Francisco Castillo to third
Runner from 3rd tries for Home, SAFE, no throw or cutoff
Batting: LHB Ray Bryant 0-0: Intentional Walk
Batting: RHB Luis Martínez 0-0: Called Strike
0-1: Swinging Strike
0-2: Foul Ball, location: 2F
0-2: Fly out, F9 (Flyball, 9M)
Top of the 5th over - 4 run(s), 2 hit(s), 0 error(s), 2 left on base; San Diego 6 - Bismark 2
BOTTOM OF THE 5TH
Bismark Border Guards batting - Pitching for San Diego Smashers : LHP Andrew Caine
Batting: RHB Aaron Holt 0-0: Ball
1-0: Called Strike
1-1: Ball
2-1: Ball
3-1: Swinging Strike
3-2: Foul Ball, location: 2F
3-2: Foul Ball, location: 2F
3-2: Base on Balls
Batting: RHB Tomás Carranza 0-0: Swinging Strike
0-1: Foul Ball, location: 2F
0-2: Ball
1-2: Ball
2-2: DOUBLE (Line Drive, 5D)
Aaron Holt to third
Batting: LHB Rusty Herbert 0-0: Swinging Strike
0-1: Foul Ball, location: 2F
0-2: Fly out, F7 (Flyball, 7M)
Runner from 3rd tags up, SCORES, no throw
Batting: RHB José Gómez 0-0: SINGLE (Line Drive, 9LS)
Tomás Carranza to third
Batting: SHB Glenn Vadnais 0-0: Foul Ball, location: 2F
0-1: Foul Ball, location: 2F
0-2: Foul Ball, location: 2F
0-2: Ball
1-2: Strikes out swinging
Batting: RHB Chris Parker 0-0: Ball
1-0: Called Strike
1-1: Ball
2-1: Ground out 6-3 (Groundball, 6)
Bottom of the 5th over - 1 run(s), 2 hit(s), 0 error(s), 2 left on base; San Diego 6 - Bismark 3
TOP OF THE 6TH
San Diego Smashers batting - Pitching for Bismark Border Guards : RHP Beau Murphy
Batting: SHB Chris Woods 0-0: Ball
1-0: Ball
2-0: Ball
3-0: Base on Balls
Pitching: RHP Nathan Walters
Batting: RHB Griswold Coleman 0-0: Ball
1-0: Swinging Strike
1-1: Ball
2-1: Called Strike
2-2: Ground out 5-3 (Groundball, 5S)
Chris Woods to second
Batting: RHB Armando Colón 0-0: Intentional Walk
Batting: RHB Jorge Collazo 0-0: Ball
1-0: Called Strike
1-1: Ball
2-1: Called Strike
2-2: SINGLE (Groundball, 13) (infield hit)
Chris Woods to third
Armando Colón to second
Batting: RHB Francisco Castillo 0-0: Called Strike
0-1: Swinging Strike
0-2: Ball
1-2: SINGLE (Flyball, 7LM)
Chris Woods scores
Armando Colón to third
Jorge Collazo to second
Batting: RHB John Nelson 0-0: SINGLE (Line Drive, 9LS)
Armando Colón scores
Jorge Collazo to third
Francisco Castillo to second
Batting: RHB Marty Hendrickson 0-0: Ball
1-0: SINGLE (Groundball, 6MD)
Jorge Collazo scores
Francisco Castillo to third
John Nelson to second
Runner from 3rd tries for Home, SAFE, no throw or cutoff
Batting: LHB Ray Bryant 0-0: Ball
1-0: Foul Ball, location: 2F
1-1: Called Strike
1-2: Ball
2-2: Ball
3-2: 3-RUN HOME RUN (Flyball, 9LD), Distance : 360 ft
Pinch Hitting: RHB Fred Ameris 0-0: Ball
1-0: Called Strike
1-1: Ground out 6-3 (Groundball, 6)
Batting: SHB Chris Woods 0-0: Ball
1-0: Ball
2-0: Ball
3-0: Foul Ball, location: 2F
3-1: Swinging Strike
3-2: Base on Balls
Batting: RHB Griswold Coleman 0-0: Foul Ball, location: 2F
0-1: Foul Ball, location: 2F
0-2: Ball
1-2: SINGLE (Line Drive, 9S)
Chris Woods to second
Batting: RHB Armando Colón 0-0: Foul Ball, location: 2F
0-1: Ground out 5-3 (Groundball, 5)
Top of the 6th over - 7 run(s), 6 hit(s), 0 error(s), 2 left on base; San Diego 13 - Bismark 3
BOTTOM OF THE 6TH
Bismark Border Guards batting - Pitching for San Diego Smashers : LHP Andrew Caine
Now at 1B: Fred Ameris
Batting: RHB Mike Wright 0-0: Foul Ball, location: 2F
0-1: Ball
1-1: Fly out, F9 (Flyball, 9LMF)
Batting: RHB Alejandro Ramos 0-0: Ball
1-0: Ball
2-0: Ball
3-0: Called Strike
3-1: Base on Balls
Pinch Hitting: RHB José Cintrón 0-0: DOUBLE (Groundball, 5L)
Alejandro Ramos to third
Runner from 3rd tries for Home, SAFE, throw made home
Batting: RHB Aaron Holt 0-0: Ball
1-0: Ground out 6-3 (Groundball, 6)
Batting: RHB Tomás Carranza 0-0: Ball
1-0: Called Strike
1-1: Foul Ball, location: 2F
1-2: Ball
2-2: SINGLE (Groundball, 56D)
José Cintrón to third
Runner from 3rd tries for Home, SAFE, no throw or cutoff
Pitching: RHP Pete Taylor
Batting: LHB Rusty Herbert 0-0: Ball
1-0: Ball
Tomás Carranza steals 2nd base
2-0: Ball
3-0: Base on Balls
Batting: RHB José Gómez 0-0: Called Strike
Balk!
Tomás Carranza to third
Rusty Herbert to second
0-1: Foul Ball, location: 2F
0-2: Strikes out swinging
Bottom of the 6th over - 2 run(s), 2 hit(s), 0 error(s), 2 left on base; San Diego 13 - Bismark 5
TOP OF THE 7TH
San Diego Smashers batting - Pitching for Bismark Border Guards : RHP Nathan Walters
Now in LF: Jeremiah Soto
Batting: RHB Jorge Collazo 0-0: Ball
1-0: Ball
2-0: Ball
3-0: Base on Balls
Batting: RHB Francisco Castillo 0-0: Ball
1-0: Sac Bunt - play at first, batter safe!
Jorge Collazo to second
Batting: RHB John Nelson 0-0: Called Strike
0-1: SINGLE (Groundball, 6MD) (infield hit)
Jorge Collazo to third
Francisco Castillo to second
Batting: RHB Marty Hendrickson 0-0: Ball
1-0: Swinging Strike
1-1: Ball
2-1: Ball
3-1: Called Strike
3-2: Base on Balls
Jorge Collazo scores
Francisco Castillo to third
John Nelson to second
Batting: LHB Ray Bryant 0-0: GRAND SLAM HOME RUN (Flyball, 9D), Distance : 371 ft
Batting: RHB Fred Ameris 0-0: Foul Ball, location: 2F
0-1: Ball
1-1: Swinging Strike
1-2: Ball
2-2: SINGLE (Line Drive, 89S)
Pitching: RHP Bud Baldwin
Batting: SHB Chris Woods 0-0: Ball
1-0: 2-RUN HOME RUN (Flyball, 8RXD), Distance : 434 ft
Batting: RHB Griswold Coleman 0-0: Ball
1-0: Ball
2-0: Ball
3-0: Called Strike
3-1: Base on Balls
Batting: RHB Armando Colón 0-0: Bunted foul
0-1: Sac Bunt - play at first, batter OUT! 1-4
Griswold Coleman to second
Batting: RHB Jorge Collazo 0-0: Ground out 5-3 (Groundball, 56)
Batting: RHB Francisco Castillo 0-0: Ball
1-0: DOUBLE (Line Drive, 7LD)
Griswold Coleman scores
Batting: RHB John Nelson 0-0: Foul Ball, location: 2F
0-1: Swinging Strike
0-2: Ball
1-2: Ball
2-2: Ball
3-2: Strikes out swinging
Top of the 7th over - 8 run(s), 6 hit(s), 0 error(s), 1 left on base; San Diego 21 - Bismark 5
BOTTOM OF THE 7TH
Bismark Border Guards batting - Pitching for San Diego Smashers : RHP Pete Taylor
Batting: SHB Glenn Vadnais 0-0: Ball
1-0: SINGLE (Line Drive, 4M)
Batting: RHB Chris Parker 0-0: Called Strike
0-1: Ball
1-1: Foul Ball, location: 2F
1-2: DOUBLE (Flyball, 89XD)
Glenn Vadnais to third
Batting: RHB Mike Wright 0-0: Called Strike
0-1: Foul Ball, location: 2F
0-2: Ball
1-2: Ball
2-2: Ball
3-2: Fly out, F9 (Flyball, 89M)
Runner from 3rd tags up, OUT at HOME
Chris Parker to third
Batting: RHB Alejandro Ramos 0-0: Ball
1-0: Ball
2-0: Foul Ball, location: 2F
2-1: Foul Ball, location: 2F
2-2: Foul Ball, location: 2F
2-2: Ball
3-2: SINGLE (Groundball, 56D)
Chris Parker scores
Batting: RHB Jeremiah Soto 0-0: Ball
1-0: Ball
2-0: Ball
3-0: Base on Balls
Alejandro Ramos to second
Batting: RHB Aaron Holt 0-0: Ball
1-0: Called Strike
1-1: Ball
2-1: Foul Ball, location: 2F
2-2: Strikes out looking
Bottom of the 7th over - 1 run(s), 3 hit(s), 0 error(s), 2 left on base; San Diego 21 - Bismark 6
TOP OF THE 8TH
San Diego Smashers batting - Pitching for Bismark Border Guards : RHP Bud Baldwin
Batting: RHB Marty Hendrickson 0-0: Called Strike
0-1: Swinging Strike
0-2: Fly out, F9 (Line Drive, 9M)
Pinch Hitting: RHB Bill Savage 0-0: Ball
1-0: Ball
2-0: Ball
3-0: Called Strike
3-1: Base on Balls
Batting: RHB Fred Ameris 0-0: Called Strike
0-1: Swinging Strike
0-2: Ball
Bill Savage is caught stealing 2nd base
1-2: Foul Ball, location: 2F
1-2: Ball
2-2: Ball
3-2: Foul Ball, location: 2F
3-2: SINGLE (Line Drive, 56D)
Batting: SHB Chris Woods 0-0: Ball
1-0: Swinging Strike
1-1: Foul Ball, location: 2F
1-2: Ball
2-2: Strikes out swinging
Top of the 8th over - 0 run(s), 1 hit(s), 0 error(s), 1 left on base; San Diego 21 - Bismark 6
BOTTOM OF THE 8TH
Bismark Border Guards batting - Pitching for San Diego Smashers : RHP Pete Taylor
Now at SS: Bill Savage
Batting: RHB Tomás Carranza 0-0: Called Strike
0-1: Foul Ball, location: 2F
0-2: Foul Ball, location: 2F
0-2: DOUBLE (Line Drive, 78M)
Batting: LHB Rusty Herbert 0-0: Ball
1-0: SINGLE (Groundball, 4MD)
Tomás Carranza to third
Runner from 3rd tries for Home, SAFE, no throw or cutoff
Batting: RHB José Gómez 0-0: Fly out, F9 (Flyball, 9S)
Batting: SHB Glenn Vadnais 0-0: Called Strike
0-1: Fly out, F4 (Popup, 4)
Batting: RHB Chris Parker 0-0: Ball
1-0: Fly out, F4 (Popup, 4D)
Bottom of the 8th over - 1 run(s), 2 hit(s), 0 error(s), 1 left on base; San Diego 21 - Bismark 7
TOP OF THE 9TH
San Diego Smashers batting - Pitching for Bismark Border Guards : RHP Bud Baldwin
Batting: RHB Griswold Coleman 0-0: Ball
1-0: Ball
2-0: Ball
3-0: Base on Balls
Batting: RHB Armando Colón 0-0: Sac Bunt - play at first, batter OUT! 1-4
Griswold Coleman to second
Batting: RHB Jorge Collazo 0-0: Swinging Strike
0-1: Called Strike
0-2: Ball
1-2: Strikes out swinging
Batting: RHB Francisco Castillo 0-0: Ball
1-0: Ball
2-0: Ball
3-0: Called Strike
3-1: Base on Balls
Batting: RHB John Nelson 0-0: Ball
1-0: Swinging Strike
1-1: Foul Ball, location: 2F
1-2: Strikes out swinging
Top of the 9th over - 0 run(s), 0 hit(s), 0 error(s), 2 left on base; San Diego 21 - Bismark 7
BOTTOM OF THE 9TH
Bismark Border Guards batting - Pitching for San Diego Smashers : RHP Pete Taylor
Batting: RHB Mike Wright 0-0: Ball
1-0: Ball
2-0: Foul Ball, location: 2F
2-1: Ball
3-1: Base on Balls
Batting: RHB Alejandro Ramos 0-0: Ball
1-0: Called Strike
1-1: Swinging Strike
1-2: Ball
2-2: Grounds into double play, 1-6-3 (Groundball, 15)
Batting: RHB Jeremiah Soto 0-0: Fly out, F6 (Popup, 6D)
Bottom of the 9th over - 0 run(s), 0 hit(s), 0 error(s), 0 left on base; San Diego 21 - Bismark 7
This league is powered by Out of the Park Baseball, the baseball management simulation game for PC, Mac and Linux
Tuesday, August 2nd, 2016 - OOTP Baseball 16.8 Build 38